 Dungeon Crawl Stone Soup version 0.31-a0-640-g39d97e502b (webtiles) character file.

Game seed: 5458720470522879760

9 arthad the Trooper (level 2, -4/19 HPs)
             Began as a Gargoyle Monk on Aug 28, 2023.
             Slain by Natasha (6 damage)
             ... on level 2 of the Dungeon.
             The game lasted 00:00:54 (798 turns).

arthad the Trooper (Gargoyle Monk)                   Turns: 798, Time: 00:00:54

Health: -4/19      AC:  4    Str: 14    XL:     2   Next: 16%
Magic:  2/2        EV: 12    Int: 10    God:
Gold:   17         SH:  0    Dex: 12    Spells: 1/1 levels left

rFire   . . .        a - +0 mace
rCold   . . .        d - orb {light}
rNeg    + . .        b - +0 robe
rPois   ∞            (no helmet)
rElec   +            (no cloak)
rCorr   .            (no gloves)
SInv    .            (no boots)
Will    .....        (no amulet)
Stlth   +            (no ring)
HPRegen 0.23/turn    (no ring)
MPRegen 0.08/turn

%: no passive effects
@: attractive, slowed, glowing, very slow
A: sickness immunity, AC +2, negative energy resistance 1, electricity
resistance, torment resistance 1, petrification resistance
a: no special abilities


You were on level 2 of the Dungeon.
You visited 1 branch of the dungeon, and saw 2 of its levels.

You collected 17 gold pieces.

Inventory:

Hand Weapons
 a - a +0 mace (weapon)
Armour
 b - a +0 robe (worn)
 d - an orb of light (worn)
 f - an orb of mayhem
Jewellery
 g - a ring of willpower
Scrolls
 e - 2 scrolls of identify {unknown}
Potions
 c - a potion of ambrosia
 h - a potion of attraction
 i - a potion of curing {unknown}
 j - a potion of might {unknown}
 k - 2 potions of lignification {unknown}
 l - 2 potions of mutation {unknown}


   Skills:
 + Level 3.5 Fighting
 + Level 3.2 Maces & Flails
 + Level 2.6 Dodging


You had one spell level left.
You didn't know any spells.
Your spell library contained the following spells:

 Spells                   Type           Power      Damage    Failure   Level
 Foxfire                  Conj/Fire      0%         2x1d4     36%         1
 Plasma Beam              Fire/Air       0%         2x1d10    100%        6
 Starburst                Conj/Fire      0%         6d3       100%        6


Dungeon Overview and Level Annotations

Branches:
Dungeon (2/15)

Altars:

Annotations:
D:2 Natasha


Innate Abilities, Weirdness & Mutations

You are immune to sickness and miasma.
Your stone body is resilient. (AC +2)
You are immune to poison.
You resist negative energy. (rN+)
You are resistant to electric shocks. (rElec)
You are resistant to unholy torment.
You are immune to petrification.


Message History

The magic dart hits you. Natasha claws you.
You closely miss Natasha. Natasha misses you. Natasha barely misses you.
You hit Natasha.
Natasha is moderately wounded.
Natasha claws you. Natasha casts a spell at you.
The magic dart hits you but does no damage.
You hit Natasha.
Natasha is heavily wounded.
Natasha casts a spell at you.
You feel as though you will be slow longer.
You hit Natasha.
Natasha is heavily wounded.
Natasha claws you!
* * * LOW HITPOINT WARNING * * *
Natasha wildly gestures.
Natasha glows brightly for a moment.
Natasha closely misses you.
You are too injured to fight recklessly!
You are too injured to fight recklessly!
You are too injured to fight recklessly!
You are too injured to fight recklessly!
You are too injured to fight recklessly!
You are too injured to fight recklessly!
You are too injured to fight recklessly!
You are too injured to fight recklessly!
You are too injured to fight recklessly!
You are too injured to fight recklessly!
You are too injured to fight recklessly!
You are too injured to fight recklessly!
You are too injured to fight recklessly!
You are too injured to fight recklessly!
You are too injured to fight recklessly!
It was a potion of attraction.
You feel attractive to monsters. Natasha claws you.
* * * LOW HITPOINT WARNING * * *
Natasha claws you.
You die...
Natasha begins licking her fur clean.

##+##
##.<.##
#@....#
#h......#
#.........#
+...[.....+
#.........#
##.......##
##.....##
##...##


You could see Natasha.

Vanquished Creatures
  A goblin (D:1)
  3 hobgoblins (D:1)
  2 bats (D:1)
  2 frilled lizards (D:1)
  2 kobolds (D:1)
10 creatures vanquished.

Notes
Turn   | Place    | Note
-------+----------+-------------------------------------------
     0 | D:1      | arthad the Gargoyle Monk began the quest for the Orb.
     0 | D:1      | Reached XP level 1. HP: 14/14 MP: 1/1
   582 | D:1      | Reached XP level 2. HP: 9/19 MP: 2/2
   790 | D:2      | Noticed Natasha
   798 | D:2      | Slain by Natasha

Illustrated notes

Levels and vault maps discovered:
D:1:      wander_arrival_fairy_ring, layout_basic
D:2:      layout_loops_corners, ebering_ecumenical_altar_petrified, uniq_natasha

Action                     || total
---------------------------++-------
  Melee: Mace              ||    32
    Use: Potion            ||     1
 Armour: Robe              ||     4
  Dodge: Dodged            ||    27

Table legend: (Time is in decaauts)
 A = Elapsed time spent in this place.
 B = Non-inter-level travel time spent in this place.
 C = Inter-level travel time spent in this place.
 D = Time resting spent in this place.
 E = Time spent auto-exploring this place.
 F = Levels seen in this place.
 G = Mean time per level.
                   A        B        C        D        E       F      G
               +--------+--------+--------+--------+--------+-----+--------+
         Total |    809 |    770 |     39 |      0 |    667 |   2 |  404.5 |
       Dungeon |    809 |    770 |     39 |      0 |    667 |   2 |  404.5 |
               +--------+--------+--------+--------+--------+-----+--------+

Top non-repeatable levels by time:
     D:1: 796 daAuts
     D:2: 12 daAuts
